 Dungeon Crawl Stone Soup version 0.20-a0-2-g2b0e13a (webtiles) character file.

86 Bekkur the Firebug (level 4, 0/30 HPs)
             Began as a Demonspawn Fire Elementalist on Oct 28, 2016.
             Slain by Atenerus's ghost (5 damage)
             ... on level 3 of the Dungeon.
             The game lasted 00:05:46 (2006 turns).

Bekkur the Firebug (Demonspawn Fire Elementalist)   Turns: 2006, Time: 00:05:46

Health: 0/30       AC:  9    Str:  6    XL:     4   Next: 26%
Magic:  0/7        EV: 12    Int: 18    God:
Gold:   172        SH:  0    Dex: 14    Spells: 1 memorised, 6 levels left

rFire  . . .     SeeInvis .     d - +0 short sword
rCold  . . .     Gourm    .     a - +0 robe
rNeg   . . .     Faith    .     (no shield)
rPois  +         Spirit   .     (no helmet)
rElec  .         Reflect  .     (no cloak)
rCorr  .         Harm     .     k - +0 pair of gloves
MR     .....                    (no boots)
Stlth  ++........               (no amulet)
                                h - +3 ring of dexterity
                                g - ring of poison resistance

@: sanguine armour
A: hooves 1, clumsy 1, deterioration 1, weak 1, sanguine armour 1
a: no special abilities


You were on level 3 of the Dungeon.
You were not hungry.

You visited 1 branch of the dungeon, and saw 3 of its levels.

You collected 172 gold pieces.

Inventory:

Hand Weapons
 d - a +0 short sword (weapon)
Missiles
 f - 8 tomahawks of dispersal (quivered)
Armour
 a - a +0 robe (worn)
 k - a +0 pair of gloves (worn)
Jewellery
 g - a ring of poison resistance (left hand)
 h - a +3 ring of dexterity (right hand)
Scrolls
 e - 3 scrolls of identify
 m - a scroll of immolation {unknown}
 o - a scroll of blinking {unknown}
 q - a scroll of fear {unknown}
Books
 b - a book of Flames

   Spells                             Type                      Level
   a - Flame Tongue                   Conjuration/Fire             1
   b - Throw Flame                    Conjuration/Fire             2
   c - Conjure Flame                  Conjuration/Fire             3
   d - Inner Flame                    Hexes/Fire                   3
   e - Sticky Flame                   Conjuration/Fire             4
   f - Fireball                       Conjuration/Fire             5
Comestibles
 c - 2 bread rations
 i - 2 chunks of flesh
 j - a meat ration
 l - 2 fruits
 p - a slice of pizza


   Skills:
 - Level 1.7 Dodging
 - Level 1.7 Stealth
 - Level 2.0 Spellcasting
 + Level 1.6 Conjurations
 + Level 4.4 Fire Magic


You had 6 spell levels left.
You knew the following spells:

 Your Spells              Type           Power        Failure   Level  Hunger
a - Flame Tongue          Conj/Fire      ##...        6%          1    #......


Dungeon Overview and Level Annotations

Branches:
Dungeon (3/15)

Altars:

Annotations:
D:3 Atenerus's ghost, amateur GrEE


Innate Abilities, Weirdness & Mutations

You have large cloven feet.
When seriously injured, your bleeding wounds create armour. (AC +6)
You are clumsy. (Dex -2)
Your body sometimes deteriorates upon taking damage.
You are weak. (Str -2)


Message History

Press: ? - help, Shift-Dir - straight line, f/p - Atenerus's ghost
Aim: Atenerus's ghost (moderately damaged)
The flame tongue hits Atenerus's ghost.
Atenerus's ghost is heavily damaged.
Atenerus's ghost hits you but does no damage.
You are too injured to fight recklessly!
You are too injured to fight recklessly!
You aren't carrying any potions.
You aren't carrying any items that you can evoke.
Okay, then.
You are too injured to fight recklessly!
You are too injured to fight recklessly!
You hit Atenerus's ghost.
Atenerus's ghost is heavily damaged.
Atenerus's ghost hits you but does no damage.
You hit Atenerus's ghost.
Atenerus's ghost is severely damaged.
Atenerus's ghost shrieks, "You must not succeed where I failed!"
Atenerus's ghost hits you.
You die...

#...# ## #...# .. ..#####
#####?..#### #. # #.....##
.....?..... # #..####.....##
.......[.. ..#..#........##
...W... #.......(.....##
#...########.#..#..#.....##
##...#....W@..#.......# #
#......#####........#.# #
#.###..#####..##.##.#.######
# #.....##..##.##.#......#
###..##.##..........#.....
.....##.##.###.####.#.##.#
###.#.......# #... ..#<##.#
..........## ########.##..
.##.####.#.# #.####


You could see Atenerus's ghost.

Vanquished Creatures
  2 adders
  An ooze (D:2)
  A worm (D:2)
  A dart slug (D:1)
  2 leopard geckos (D:2)
  6 bats
  6 giant cockroaches
  5 goblins
  7 hobgoblins
  3 jackals (D:2)
  8 kobolds
  3 frilled lizards
  7 rats
52 creatures vanquished.

Notes
Turn   | Place    | Note
-------+----------+-------------------------------------------
     0 | D:1      | Bekkur the Demonspawn Fire Elementalist began the quest for the Orb.
     0 | D:1      | Reached XP level 1. HP: 13/13 MP: 3/3
   156 | D:1      | Reached skill level 3 in Fire Magic
   220 | D:1      | Gained mutation: When seriously injured, your bleeding wounds create armour. (AC +6) [demonic ancestry]
   220 | D:1      | Reached XP level 2. HP: 18/19 MP: 0/5
   885 | D:2      | Reached XP level 3. HP: 24/24 MP: 6/6
  1044 | D:2      | Reached skill level 4 in Fire Magic
  1342 | D:2      | Gained mutation: Your body sometimes deteriorates upon taking damage. [potion of mutation]
  1342 | D:2      | Gained mutation: You are clumsy. (Dex -2) [potion of mutation]
  1342 | D:2      | Gained mutation: You are weak. (Str -2) [potion of mutation]
  1587 | D:2      | Gained mutation: You have large cloven feet. [demonic ancestry]
  1587 | D:2      | Reached XP level 4. HP: 27/30 MP: 1/7
  1981 | D:3      | Noticed Atenerus's ghost (amateur GrEE)
  2006 | D:3      | Slain by Atenerus's ghost

Vault maps used:
D:1:      dpeg_arrival_rooms_b
D:3:      tgw_xom, nicolae_ru_awakened_eye

Skill      XL: |  1  2  3 |
---------------+----------+-----
Fire Magic     | 3 4 |  4.4
Dodging        | |  1.7
Stealth        | |  1.7
Spellcasting   | |  2.0
Conjurations   | |  1.6

Action                   |  1- 3 |  4- 6 || total
-------------------------+-------+-------++-------
Melee: Short sword       |    72 |    22 ||    94
       Unarmed           |     9 |       ||     9
       Long sword        |     3 |       ||     3
       Kick              |       |     4 ||     4
 Cast: Flame Tongue      |    44 |    14 ||    58
  Use: Scroll            |     3 |       ||     3
       Potion            |     1 |       ||     1
 Stab: Sleeping          |     1 |       ||     1
  Eat: Chunk             |     3 |     1 ||     4
Armor: Robe              |    32 |    16 ||    48
Dodge: Dodged            |    65 |    20 ||    85
